[Event "RUS-chT Women Rapid 2019"]
[Site "Sochi"]
[Date "2019.10.19"]
[Round "6.8"]
[White "Vasilevich, Tatjana"]
[Black "Styazhkina, Anna"]
[Result "1-0"]
[ECO "D11"]
[WhiteElo "2360"]
[BlackElo "2280"]
[Annotator "NA"]
[PlyCount "105"]
[EventDate "2019.10.18"]
[EventType "swiss"]
[EventCountry "RUS"]
[SourceTitle "playchess.com"]
[Source "ChessBase"]
[SourceQuality "1"]
[TimeControl "900+10"]

1. d4 d5 2. c4 c6 3. Nf3 Nf6 4. e3 a6 5. Nc3 Bf5 6. Be2 h6 7. O-O e6 8. b3 Bb4 9. Bb2 O-O 10. a3 Bd6 11. c5 Bc7 12. b4 Nbd7 13. a4 e5 14. dxe5 Nxe5 15. Qb3 Nfg4 16. Nxe5 Nxe5 17. Rfd1 Qh4 18. f4 Nd7 19. Bf3 Rfe8 20. Ne2 Qe7 21. Ng3 Bh7 22. Bd4 b6 23. Qc3 bxc5 24. bxc5 f6 25. Bg4 Nf8 26. Nh5 Bg6 27. Re1 Nh7 28. Ng3 Rab8 29. Rac1 a5 30. Nf5 Bxf5 31. Bxf5 Rb4 32. Bc2 Nf8 33. Qd3 Reb8 34. g3 Qd7 35. Kg2 Re8 36. h3 Kf7 37. Rb1 Reb8 38. Bc3 Rc4 39. Rxb8 Bxb8 40. Bxa5 Rxc5 41. Bb4 Rc4 42. Bxf8 Kxf8 43. Qh7 Qf7 44. Rb1 Bd6 45. Qf5 Qe8 46. Rb7 Rb4 47. Ra7 Bc5 48. Rc7 Bb6 49. Rc8 Bd8 50. Qh7 Rb2 51. Kf3 Qd7 52. Bf5 Qd6 53. Qh8+ 1-0

[Event "RUS-chT Women Rapid 2019"]
[Site "Sochi"]
[Date "2019.10.19"]
[Round "6.9"]
[White "Nasybullina, Alfia"]
[Black "Ambartsumova, Karina"]
[Result "1/2-1/2"]
[ECO "A41"]
[WhiteElo "2132"]
[BlackElo "2341"]
[Annotator "NA"]
[PlyCount "157"]
[EventDate "2019.10.18"]
[EventType "swiss"]
[EventCountry "RUS"]
[SourceTitle "playchess.com"]
[Source "ChessBase"]
[SourceQuality "1"]
[TimeControl "900+10"]

1. d4 d6 2. e4 Nf6 3. f3 e5 4. dxe5 dxe5 5. Qxd8+ Kxd8 6. Bc4 Ke8 7. Nc3 c6 8. Be3 Nbd7 9. Rd1 b5 10. Bb3 Bc5 11. Bc1 a5 12. a4 b4 13. Nce2 Ba6 14. Nh3 Ke7 15. Nf2 Rhd8 16. g4 Ne8 17. Nd3 Bb6 18. f4 Nef6 19. fxe5 Nxg4 20. Bg5+ f6 21. exf6+ gxf6 22. Bf4 Nde5 23. Ng3 Bxd3 24. Nf5+ Kf8 25. Bxe5 Bf2+ 26. Kd2 Bxe4+ 27. Bd6+ Rxd6+ 28. Nxd6 Bxh1 29. Rxh1 Rd8 30. h3 Rxd6+ 31. Ke2 Ne5 32. Kxf2 c5 33. Ba2 Rd2+ 34. Ke3 Rxc2 35. Bd5 Rxb2 36. Rg1 c4 37. Kd4 Rd2+ 38. Kc5 Ng6 39. Bxc4 Rc2 40. Kb5 Rc3 41. Be6 Ke7 42. Re1 Ne5 43. Bf5 b3 44. Kxa5 b2 45. Re2 Rb3 46. Bb1 Kd6 47. Ka6 Nc4 48. Rf2 Ke5 49. Rf5+ Ke6 50. Rf1 Nd2 51. Ba2 Nxf1 52. Bxb3+ Kd6 53. Bc2 Nd2 54. Bxh7 b1=Q 55. Bxb1 Nxb1 56. Kb7 Nd2 57. h4 f5 58. h5 Ke6 59. Kc6 Nb3 60. Kb5 Kf6 61. Kc4 Na5+ 62. Kd4 Kg5 63. Ke5 Nc4+ 64. Kd4 Na5 65. Ke5 Nc6+ 66. Kd6 Nd8 67. Ke5 f4 68. Ke4 Kg4 69. a5 f3 70. Ke3 Kg3 71. a6 f2 72. a7 f1=Q 73. a8=Q Qf4+ 74. Kd3 Qd6+ 75. Ke3 Qe5+ 76. Qe4 Qg5+ 77. Kd3 Qb5+ 78. Kd2 Nc6 79. Qd3+ 1/2-1/2

[Event "RUS-chT Women Rapid 2019"]
[Site "Sochi"]
[Date "2019.10.19"]
[Round "6.10"]
[White "Shafigullina, Zarina"]
[Black "Mukhina, Jana"]
[Result "1-0"]
[ECO "E62"]
[WhiteElo "2295"]
[BlackElo "2105"]
[Annotator "NA"]
[PlyCount "91"]
[EventDate "2019.10.18"]
[EventType "swiss"]
[EventCountry "RUS"]
[SourceTitle "playchess.com"]
[Source "ChessBase"]
[SourceQuality "1"]
[TimeControl "900+10"]

1. d4 Nf6 2. Nf3 g6 3. g3 Bg7 4. Bg2 O-O 5. c4 d6 6. O-O Nc6 7. Nc3 e5 8. d5 Ne7 9. e4 a5 10. Ne1 Nd7 11. Nd3 b6 12. Re1 Ba6 13. b3 f5 14. Bb2 Nc5 15. Nxc5 bxc5 16. f3 Kh8 17. Ne2 fxe4 18. fxe4 a4 19. Nc1 Nc8 20. Nd3 Nb6 21. Bc1 Bc8 22. Bd2 Bd7 23. Qc2 axb3 24. axb3 Qe7 25. Ba5 Bh6 26. b4 cxb4 27. Nxb4 Qf6 28. Nd3 Rab8 29. c5 dxc5 30. Nxc5 Bc8 31. Nd3 Ba6 32. Nxe5 Bg7 33. Bc3 Rbe8 34. Rxa6 Rxe5 35. Qb2 Qd6 36. Bxe5 Bxe5 37. Qa3 Qd8 38. Rf1 Bd4+ 39. Kh1 Rxf1+ 40. Bxf1 Qf6 41. Bg2 Qf2 42. Qc1 h5 43. Ra3 Nc4 44. Rf3 Qa2 45. Qh6+ Kg8 46. Rf8# 1-0

[Event "RUS-chT Women Rapid 2019"]
[Site "Sochi"]
[Date "2019.10.19"]
[Round "6.11"]
[White "Mironenko, Galina"]
[Black "Yakimova, Mariya"]
[Result "0-1"]
[ECO "B33"]
[WhiteElo "2236"]
[BlackElo "2276"]
[Annotator "NA"]
[PlyCount "128"]
[EventDate "2019.10.18"]
[EventType "swiss"]
[EventCountry "RUS"]
[SourceTitle "playchess.com"]
[Source "ChessBase"]
[SourceQuality "1"]
[TimeControl "900+10"]

1. e4 c5 2. Nf3 Nc6 3. d4 cxd4 4. Nxd4 Nf6 5. Nc3 e5 6. Ndb5 d6 7. Bg5 a6 8. Na3 b5 9. Nd5 Be7 10. Bxf6 Bxf6 11. c4 b4 12. Nc2 a5 13. g3 O-O 14. Bg2 Bg5 15. O-O Rb8 16. b3 Bh6 17. Qd3 Be6 18. Nde3 Bxe3 19. Nxe3 Qb6 20. Rad1 Rfd8 21. Kh1 a4 22. f4 f6 23. Nd5 Qc5 24. Nc7 Bc8 25. Nb5 Rb7 26. Qd5+ Qxd5 27. Rxd5 axb3 28. axb3 Be6 29. Rd3 Na7 30. Nxd6 Rbd7 31. Rfd1 Bg4 32. R1d2 Nc6 33. h3 Be6 34. f5 Bf7 35. Bf1 Ra8 36. Nb5 Rxd3 37. Rxd3 Kf8 38. Rd6 Na5 39. Rd3 Nb7 40. Kg1 Nc5 41. Re3 Ra1 42. Nd6 Rb1 43. Nxf7 Kxf7 44. Kf2 Nxb3 45. Bd3 Rc1 46. Re1 Rc3 47. Rd1 Nc5 48. Ke2 b3 49. g4 b2 50. Bb1 Ke7 51. Kd2 Rxc4 52. Re1 Nb3+ 53. Kd3 Rc1 54. Ke2 Nd4+ 55. Kf2 Kd6 56. h4 h6 57. Rf1 Kc5 58. Re1 Kb4 59. g5 hxg5 60. hxg5 fxg5 61. Bd3 g4 62. Kf1 g3 63. Bb1 g2+ 64. Kf2 Rxe1 0-1

[Event "RUS-chT Women Rapid 2019"]
[Site "Sochi"]
[Date "2019.10.19"]
[Round "6.12"]
[White "Markelova, Lubov"]
[Black "Filippova, Darya"]
[Result "0-1"]
[ECO "A17"]
[WhiteElo "2198"]
[BlackElo "2034"]
[Annotator "NA"]
[PlyCount "74"]
[EventDate "2019.10.18"]
[EventType "swiss"]
[EventCountry "RUS"]
[SourceTitle "playchess.com"]
[Source "ChessBase"]
[SourceQuality "1"]
[TimeControl "900+10"]

1. Nf3 Nf6 2. c4 e6 3. Nc3 b6 4. g3 Bb7 5. Bg2 Be7 6. O-O O-O 7. Re1 d5 8. cxd5 exd5 9. d4 c5 10. Bf4 Nbd7 11. Rc1 Rc8 12. dxc5 bxc5 13. Qb3 Qb6 14. Qxb6 Nxb6 15. Nb5 Ne4 16. Ne5 a6 17. Na7 Rce8 18. Nac6 g5 19. Na5 Ba8 20. Bxe4 gxf4 21. Bf3 fxg3 22. hxg3 Bf6 23. Ng4 Bxb2 24. Rxc5 f5 25. Ne3 Bd4 26. Rc7 Be5 27. Rc2 d4 28. Bxa8 dxe3 29. Bf3 Bd4 30. Kg2 exf2 31. Rd1 Be3 32. Rc6 Rd8 33. Rh1 Rf7 34. Nc4 Nxc4 35. Rxc4 Rfd7 36. Rch4 Rd1 37. Rxh7 Rg1+ 0-1

[Event "RUS-chT Women Rapid 2019"]
[Site "Sochi"]
[Date "2019.10.19"]
[Round "7.1"]
[White "Ambartsumova, Karina"]
[Black "Pogonina, Natalija"]
[Result "1/2-1/2"]
[ECO "D35"]
[WhiteElo "2341"]
[BlackElo "2479"]
[Annotator "ChessBase"]
[PlyCount "49"]
[EventDate "2019.10.18"]
[EventType "swiss"]
[EventCountry "RUS"]
[SourceTitle "playchess.com"]
[Source "ChessBase"]
[SourceQuality "1"]
[TimeControl "900+10"]

1. c4 e6 2. Nc3 d5 3. d4 Nf6 4. cxd5 exd5 5. Bg5 Be7 6. e3 c6 7. Bd3 Nbd7 8. h3 Nf8 9. Bf4 Ne6 10. Be5 O-O 11. Qc2 g6 12. Nf3 c5 13. dxc5 Nxc5 14. Be2 Bf5 15. Qd1 Nce4 16. O-O Nxc3 17. Bxc3 Ne4 18. Be5 Be6 19. Rc1 Rc8 20. Nd4 Qb6 21. Qb3 Qxb3 22. Nxb3 Rxc1 23. Rxc1 Rc8 24. Rxc8+ Bxc8 25. f3 1/2-1/2

[Event "RUS-chT Women Rapid 2019"]
[Site "Sochi"]
[Date "2019.10.19"]
[Round "7.2"]
[White "Girya, Olga"]
[Black "Shafigullina, Zarina"]
[Result "1-0"]
[ECO "E15"]
[WhiteElo "2476"]
[BlackElo "2295"]
[Annotator "ChessBase"]
[PlyCount "85"]
[EventDate "2019.10.18"]
[EventType "swiss"]
[EventCountry "RUS"]
[SourceTitle "playchess.com"]
[Source "ChessBase"]
[SourceQuality "1"]
[TimeControl "900+10"]

1. d4 Nf6 2. c4 e6 3. Nf3 b6 4. g3 Ba6 5. b3 Bb4+ 6. Bd2 Be7 7. Nc3 d5 8. cxd5 exd5 9. Bg2 O-O 10. O-O h6 11. Ne5 c6 12. Qc2 Nfd7 13. f4 Nxe5 14. fxe5 Nd7 15. Rf2 Re8 16. Raf1 f6 17. Bxh6 Nf8 18. Bxg7 Kxg7 19. exf6+ Bxf6 20. Rxf6 Qxf6 21. Rxf6 Kxf6 22. g4 Bc8 23. e4 Bxg4 24. exd5 Re1+ 25. Kf2 Rae8 26. Ne4+ R8xe4 27. Bxe4 Re2+ 28. Qxe2 Bxe2 29. Kxe2 c5 30. dxc5 bxc5 31. Kd3 Ke5 32. Bg2 Ng6 33. Kc4 Kd6 34. Be4 Nf4 35. h4 Nh5 36. Bf3 Ng3 37. h5 Nf5 38. Be4 Nh6 39. Kb5 Ng4 40. Bf3 Nf6 41. h6 Nh7 42. Ka6 Ng5 43. Kxa7 {[%emt 0:00:06] Kxd5} 1-0

[Event "RUS-chT Women Rapid 2019"]
[Site "Sochi"]
[Date "2019.10.19"]
[Round "7.3"]
[White "Yakimova, Mariya"]
[Black "Guseva, Marina"]
[Result "1/2-1/2"]
[ECO "A64"]
[WhiteElo "2276"]
[BlackElo "2366"]
[Annotator "NA"]
[PlyCount "131"]
[EventDate "2019.10.18"]
[EventType "swiss"]
[EventCountry "RUS"]
[SourceTitle "playchess.com"]
[Source "ChessBase"]
[SourceQuality "1"]
[TimeControl "900+10"]

1. d4 Nf6 2. c4 e6 3. g3 c5 4. d5 exd5 5. cxd5 d6 6. Nc3 g6 7. Nf3 Bg7 8. Bg2 O-O 9. O-O Re8 10. Nd2 a6 11. a4 Nbd7 12. Nc4 Ne5 13. Nxe5 Rxe5 14. e4 Re8 15. Re1 Rb8 16. a5 b5 17. axb6 Qxb6 18. Na4 Qd8 19. Qc2 Nxd5 20. Rd1 Nb4 21. Qd2 Bd4 22. Qh6 Nc6 23. Bg5 Bf6 24. Bxf6 Qxf6 25. Rd5 Re5 26. Rxe5 Qxe5 27. Rd1 Nd4 28. f4 Qe7 29. Nc3 Be6 30. f5 Bc4 31. Bf1 Nf3+ 32. Kf2 Ne5 33. Kg1 Bxf1 34. Nd5 Qg5 35. Qxg5 Nf3+ 36. Kxf1 Nxg5 37. Nf6+ Kg7 38. Rxd6 Rxb2 39. Rxa6 Nf3 40. h4 Ne5 41. Ne8+ Kf8 42. Ra8 gxf5 43. exf5 Ke7 44. f6+ Ke6 45. Ra6+ Kf5 46. Nd6+ Kg4 47. Ra7 Kxg3 48. Ra3+ Kf4 49. Ra7 Kg3 50. Ne4+ Kxh4 51. Nxc5 Kg5 52. Ra6 Ng4 53. Ne4+ Kf4 54. Ra4 Ne3+ 55. Ke1 Ke5 56. Ng5 Kxf6 57. Nxh7+ Kg6 58. Nf8+ Kf5 59. Nd7 Nd5 60. Ra5 Ke4 61. Ra4+ Ke3 62. Ra3+ Kd4 63. Ra4+ Nb4 64. Nf6 Ke3 65. Rxb4 Rxb4 66. Nd5+ 1/2-1/2

[Event "RUS-chT Women Rapid 2019"]
[Site "Sochi"]
[Date "2019.10.19"]
[Round "7.4"]
[White "Kovanova, Baira"]
[Black "Markelova, Lubov"]
[Result "1-0"]
[ECO "A06"]
[WhiteElo "2344"]
[BlackElo "2198"]
[Annotator "NA RC"]
[PlyCount "103"]
[EventDate "2019.10.18"]
[EventType "swiss"]
[EventCountry "RUS"]
[SourceTitle "playchess.com"]
[Source "ChessBase"]
[SourceQuality "1"]
[TimeControl "900+10"]

1. Nf3 d5 2. g3 Nf6 3. Bg2 c6 4. O-O Bf5 5. d3 h6 6. Nbd2 e6 7. Qe1 Be7 8. e4 Bh7 9. b3 O-O 10. Bb2 Nbd7 11. Qe2 a5 12. a4 Nc5 13. Ne5 Nfd7 14. Ng4 Nf6 15. Rad1 Re8 16. Rfe1 Nxg4 17. Qxg4 Bf6 18. Ba3 Na6 19. Qe2 Bc3 20. Rf1 Qb6 21. Nb1 Bd4 22. Kh1 Rad8 23. f4 Bc5 24. Bb2 Bd4 25. Bc1 Bf6 26. e5 Be7 27. g4 c5 28. Na3 Nb4 29. f5 exf5 30. gxf5 Bf6 31. Bf4 Nc6 32. Qg4 Nxe5 33. Qg3 Qb4 34. Nb5 Nc6 35. Nc7 Re2 36. Nxd5 Rxd5 37. Bxd5 Qd4 38. Be4 Rxc2 39. Rde1 Ne5 40. Bxh6 Nd7 41. Bf4 Nf8 42. Rg1 Rb2 43. Bh6 Rxb3 44. Rc1 b6 45. Qf3 Rb2 46. Bxg7 Bxg7 47. f6 Bg6 48. fxg7 Qxg7 49. Rcf1 Qh7 50. Qf4 Ne6 51. Bxg6 Nxf4 52. Bxh7+ 1-0

[Event "RUS-chT Women Rapid 2019"]
[Site "Sochi"]
[Date "2019.10.19"]
[Round "7.5"]
[White "Voit, Daria"]
[Black "Kochukova, Anna"]
[Result "1/2-1/2"]
[ECO "A46"]
[WhiteElo "2336"]
[BlackElo "1947"]
[Annotator "NA"]
[PlyCount "66"]
[EventDate "2019.10.18"]
[EventType "swiss"]
[EventCountry "RUS"]
[SourceTitle "playchess.com"]
[Source "ChessBase"]
[SourceQuality "1"]
[TimeControl "900+10"]

1. d4 Nf6 2. Nf3 b5 3. e4 Nxe4 4. Bxb5 Bb7 5. O-O g6 6. Re1 Bg7 7. Nc3 Nxc3 8. bxc3 O-O 9. Rb1 Bc6 10. Bd3 d6 11. Bg5 Re8 12. c4 h6 13. Be3 Nd7 14. Qd2 Bxf3 15. gxf3 Kh7 16. Be4 Rb8 17. Bc6 Rf8 18. Qa5 e5 19. c3 Rxb1 20. Rxb1 Nb6 21. Rb4 Qh4 22. c5 Nc8 23. Qxc7 exd4 24. cxd6 Be5 25. Rxd4 Qxh2+ 26. Kf1 Bxd4 27. Bxd4 Qxd6 28. Qb7 Qa3 29. Kg2 Qc1 30. Bd5 Qg5+ 31. Kf1 Qc1+ 32. Kg2 Qg5+ 33. Kf1 Qc1+ 1/2-1/2

[Event "RUS-chT Women Rapid 2019"]
[Site "Sochi"]
[Date "2019.10.19"]
[Round "7.6"]
[White "Sakorenko, Adriana"]
[Black "Tomilova, Elena"]
[Result "0-1"]
[ECO "A06"]
[WhiteElo "1825"]
[BlackElo "2345"]
[Annotator "NA"]
[PlyCount "134"]
[EventDate "2019.10.18"]
[EventType "swiss"]
[EventCountry "RUS"]
[SourceTitle "playchess.com"]
[Source "ChessBase"]
[SourceQuality "1"]
[TimeControl "900+10"]

1. Nf3 d5 2. g3 Nf6 3. Bg2 c6 4. O-O Bf5 5. d3 e6 6. Nbd2 h6 7. Qe1 Bh7 8. e4 Be7 9. b3 a5 10. a3 Na6 11. Bb2 O-O 12. Ne5 Nc5 13. f4 Nfd7 14. d4 Nxe4 15. Nxe4 dxe4 16. Bxe4 Bxe4 17. Qxe4 Nf6 18. Qf3 a4 19. b4 Qd5 20. c4 Qxf3 21. Rxf3 Ne4 22. Re1 f5 23. Rd3 Rfd8 24. Kg2 Bf6 25. Red1 Rac8 26. Kf3 g5 27. Ke3 b5 28. Rc1 Nd6 29. cxb5 cxb5 30. Ke2 Bxe5 31. dxe5 Nc4 32. Rxd8+ Rxd8 33. Rc2 Kf7 34. Bc1 g4 35. Rc3 Ke7 36. Rc2 h5 37. Rc3 h4 38. Be3 Rh8 39. Bg1 Kd7 40. Rd3+ Kc6 41. Kf2 hxg3+ 42. hxg3 Kc7 43. Rc3 Rh7 44. Ke2 Kc6 45. Ke1 Kd5 46. Ke2 Rh1 47. Rd3+ Kc6 48. Kf2 Rh7 49. Ke1 Rd7 50. Rc3 Rd5 51. Be3 Kd7 52. Ke2 Kc6 53. Ke1 Rd7 54. Ke2 Rh7 55. Bg1 Rh1 56. Kf2 Kb7 57. Kf1 Nd2+ 58. Kg2 Ne4 59. Rd3 Rh7 60. Bc5 Kc6 61. Bd4 Rd7 62. Rd1 Kb7 63. Rd3 Rd8 64. Rd1 Nc3 65. Rd2 Nb1 66. Rd3 Nxa3 67. Rxa3 Rxd4 0-1

[Event "RUS-chT Women Rapid 2019"]
[Site "Sochi"]
[Date "2019.10.19"]
[Round "7.7"]
[White "Gritsayeva, Oksana"]
[Black "Shestakova, Ekaterina"]
[Result "1-0"]
[ECO "B31"]
[WhiteElo "2370"]
[BlackElo "1729"]
[Annotator "NA"]
[PlyCount "105"]
[EventDate "2019.10.18"]
[EventType "swiss"]
[EventCountry "RUS"]
[SourceTitle "playchess.com"]
[Source "ChessBase"]
[SourceQuality "1"]
[TimeControl "900+10"]

1. e4 c5 2. Nf3 Nc6 3. Bb5 g6 4. Bxc6 bxc6 5. O-O Bg7 6. Re1 Nh6 7. c3 O-O 8. d4 cxd4 9. cxd4 f6 10. Nc3 d6 11. h3 Nf7 12. b3 f5 13. Bb2 f4 14. e5 d5 15. Na4 Bf5 16. Rc1 Rc8 17. Qe2 e6 18. Nc5 Ng5 19. Nxg5 Qxg5 20. Rc3 Qh4 21. Rec1 g5 22. f3 h5 23. Qf2 Qxf2+ 24. Kxf2 g4 25. hxg4 hxg4 26. Na6 g3+ 27. Kg1 Rf7 28. Rxc6 Rxc6 29. Rxc6 Bf8 30. Rc7 Bd3 31. Rxf7 Kxf7 32. Nc5 Be2 33. Bc1 Bh6 34. a4 Bg5 35. b4 a6 36. Bd2 Ke7 37. b5 axb5 38. a5 b4 39. a6 Bb5 40. Bxb4 Kf7 41. a7 Bc6 42. Ba5 Be7 43. Nd3 Bg5 44. Kf1 Ke8 45. Ke2 Kf7 46. Ke1 Ke8 47. Kd2 Be7 48. Kc3 Bg5 49. Bb6 Kf7 50. Kb4 Kg6 51. Kc5 Ba8 52. Kd6 Kf7 53. Kc7 1-0

[Event "RUS-chT Women Rapid 2019"]
[Site "Sochi"]
[Date "2019.10.19"]
[Round "7.10"]
[White "Ovod, Evgenija"]
[Black "Chan, Naruna"]
[Result "1-0"]
[ECO "B22"]
[WhiteElo "2347"]
[BlackElo "1890"]
[Annotator "NA"]
[PlyCount "59"]
[EventDate "2019.10.18"]
[EventType "swiss"]
[EventCountry "RUS"]
[SourceTitle "playchess.com"]
[Source "ChessBase"]
[SourceQuality "1"]
[TimeControl "900+10"]

1. e4 c5 2. c3 Nf6 3. e5 Nd5 4. Nf3 Nc6 5. Bc4 e6 6. d4 cxd4 7. cxd4 d6 8. O-O Be7 9. Qe2 O-O 10. Rd1 Nb6 11. Bb3 Kh8 12. Nc3 d5 13. Bc2 f5 14. exf6 Bxf6 15. Ne5 Qe8 16. Nb5 Bxe5 17. dxe5 Qf7 18. Nd6 Qg8 19. a4 Nc4 20. Nxc4 dxc4 21. Ra3 Nb4 22. Bxh7 Qxh7 23. Rh3 Qxh3 24. gxh3 Nd5 25. Rd4 Kg8 26. Qh5 Bd7 27. Rh4 Rad8 28. Qh7+ Kf7 29. Bh6 Rg8 30. Rg4 1-0

[Event "RUS-chT Women Rapid 2019"]
[Site "Sochi"]
[Date "2019.10.19"]
[Round "7.11"]
[White "Dumcheva, Julia"]
[Black "Belenkaya, Dina"]
[Result "1/2-1/2"]
[ECO "B01"]
[WhiteElo "2152"]
[BlackElo "2300"]
[Annotator "NA"]
[PlyCount "78"]
[EventDate "2019.10.18"]
[EventType "swiss"]
[EventCountry "RUS"]
[SourceTitle "playchess.com"]
[Source "ChessBase"]
[SourceQuality "1"]
[TimeControl "900+10"]

1. e4 d5 2. exd5 Qxd5 3. Nc3 Qa5 4. g3 g6 5. Bg2 Bg7 6. Nge2 c6 7. O-O Nf6 8. a3 O-O 9. b4 Qc7 10. Bb2 e5 11. d3 Bf5 12. a4 Re8 13. b5 Qd7 14. Re1 Bh3 15. Bh1 a6 16. Rb1 Ng4 17. Ne4 axb5 18. axb5 cxb5 19. Ng5 Nh6 20. Nxh3 Qxh3 21. Bg2 Qd7 22. Nc3 Na6 23. Nd5 Rad8 24. Bc1 Nc7 25. c4 Nf5 26. Bg5 Nxd5 27. Bxd5 Rc8 28. Rxb5 Nd6 29. Rb6 Rc7 30. Qb1 h6 31. Be3 Rd8 32. Rxd6 Qxd6 33. Bb6 Rdd7 34. Bxc7 Qxc7 35. Qb5 b6 36. Ra1 Bf8 37. Ra8 Kg7 38. Kg2 Bc5 39. Qa6 Re7 1/2-1/2

[Event "RUS-chT Women Rapid 2019"]
[Site "Sochi"]
[Date "2019.10.19"]
[Round "7.12"]
[White "Styazhkina, Anna"]
[Black "Trapeznikova, Darya"]
[Result "1-0"]
[ECO "C55"]
[WhiteElo "2280"]
[BlackElo "2052"]
[Annotator "NA"]
[PlyCount "51"]
[EventDate "2019.10.18"]
[EventType "swiss"]
[EventCountry "RUS"]
[SourceTitle "playchess.com"]
[Source "ChessBase"]
[SourceQuality "1"]
[TimeControl "900+10"]

1. e4 e5 2. Nf3 Nc6 3. Bc4 Nf6 4. d3 Be7 5. Nc3 O-O 6. a3 d6 7. h3 Be6 8. Ng5 Bxc4 9. dxc4 Nd7 10. h4 Nd4 11. Be3 h6 12. Nf3 Nxf3+ 13. Qxf3 Nb6 14. Qg3 Kh8 15. b3 f5 16. exf5 Rxf5 17. O-O-O Qf8 18. a4 c6 19. Kb1 Rd8 20. a5 Nd7 21. Ne4 b6 22. a6 Nb8 23. Qg6 Qf7 24. Qg4 d5 25. Ng5 hxg5 26. hxg5+ {[%emt 0:00:11] Qg6} 1-0

[Event "RUS-chT Women Rapid 2019"]
[Site "Sochi"]
[Date "2019.10.19"]
[Round "8.1"]
[White "Pogonina, Natalija"]
[Black "Lysenko, Margarita"]
[Result "1-0"]
[ECO "A62"]
[WhiteElo "2479"]
[BlackElo "2166"]
[Annotator "ChessBase"]
[PlyCount "135"]
[EventDate "2019.10.18"]
[EventType "swiss"]
[EventCountry "RUS"]
[SourceTitle "playchess.com"]
[Source "ChessBase"]
[SourceQuality "1"]
[TimeControl "900+10"]

1. d4 Nf6 2. c4 e6 3. g3 c5 4. d5 exd5 5. cxd5 d6 6. Nc3 g6 7. Bg2 Bg7 8. Nf3 O-O 9. O-O Re8 10. Bf4 Bf5 11. Nd2 Nh5 12. Be3 Nd7 13. Nc4 Nb6 14. Nxb6 Qxb6 15. Qd2 Nf6 16. f3 Rxe3 17. Qxe3 Ng4 18. Qd2 Bd4+ 19. Kh1 Ne3 20. Rfc1 Re8 21. g4 Nc4 22. Qe1 Bd3 23. Ne4 Bxe4 24. fxe4 Qxb2 25. Rab1 Qxa2 26. Rxb7 Ne5 27. h3 Qa3 28. Rcb1 Qe3 29. R7b3 Qf2 30. e3 Qxe1+ 31. Rxe1 c4 32. exd4 cxb3 33. dxe5 dxe5 34. Bf1 a5 35. Rb1 Rb8 36. Bc4 b2 37. Ba2 Kf8 38. d6 Ke8 39. Kg2 Kd7 40. Rd1 Rb6 41. Kf3 Rxd6 42. Rxd6+ Kxd6 43. Ke3 Kc5 44. Kd3 a4 45. g5 a3 46. Kc3 Kb5 47. h4 Kc5 48. Bb1 Kd6 49. Kb4 a2 50. Bxa2 f5 51. gxf6 h6 52. Kc3 b1=Q 53. Bxb1 Ke6 54. Kd3 Kxf6 55. Ke3 g5 56. Kf3 h5 57. hxg5+ Kxg5 58. Bd3 Kh4 59. Bf1 Kg5 60. Kg3 h4+ 61. Kf3 Kh5 62. Bh3 Kg5 63. Ke3 Kh5 64. Kd3 Kg5 65. Kc4 Kf4 66. Kd5 Kg3 67. Bd7 Kf4 68. Bf5 1-0

[Event "RUS-chT Women Rapid 2019"]
[Site "Sochi"]
[Date "2019.10.19"]
[Round "8.2"]
[White "Sudakova, Irina"]
[Black "Girya, Olga"]
[Result "0-1"]
[ECO "B13"]
[WhiteElo "2259"]
[BlackElo "2476"]
[Annotator "RC"]
[PlyCount "82"]
[EventDate "2019.10.18"]
[EventType "swiss"]
[EventCountry "RUS"]
[SourceTitle "playchess.com"]
[Source "ChessBase"]
[SourceQuality "1"]
[TimeControl "900+10"]

1. e4 c6 2. d4 d5 3. exd5 cxd5 4. Bd3 Nc6 5. c3 Nf6 6. Bf4 Bg4 7. Qb3 Qd7 8. Nd2 e6 9. Ngf3 Bd6 10. Bxd6 Qxd6 11. O-O O-O 12. Rfe1 Nd7 13. h3 Bxf3 14. Nxf3 Rab8 15. Qc2 h6 16. Qe2 a6 17. a4 Rfc8 18. Ne5 Ncxe5 19. dxe5 Qe7 20. Qg4 Qg5 21. Qxg5 hxg5 22. Kh2 b5 23. axb5 axb5 24. Ra7 Nc5 25. Bc2 b4 26. Re3 bxc3 27. Rxc3 d4 28. Rf3 Rb7 29. Rxb7 Nxb7 30. Bd3 Nc5 31. b4 Nd7 32. Ba6 Rc3 33. Rd3 Rxd3 34. Bxd3 Nxe5 35. Bb1 Kf8 36. g3 d3 37. Kg2 d2 38. Bc2 Nd3 39. Kf1 Nxb4 40. Ba4 Nd5 41. Bd1 Nc3 0-1

[Event "RUS-chT Women Rapid 2019"]
[Site "Sochi"]
[Date "2019.10.19"]
[Round "8.3"]
[White "Guseva, Marina"]
[Black "Lukina, Aleksandra"]
[Result "1-0"]
[ECO "E63"]
[WhiteElo "2366"]
[BlackElo "2001"]
[Annotator "NA"]
[PlyCount "57"]
[EventDate "2019.10.18"]
[EventType "swiss"]
[EventCountry "RUS"]
[SourceTitle "playchess.com"]
[Source "ChessBase"]
[SourceQuality "1"]
[TimeControl "900+10"]

1. d4 Nf6 2. c4 g6 3. Nf3 Bg7 4. g3 O-O 5. Bg2 d6 6. O-O Nc6 7. Nc3 a6 8. e3 Rb8 9. Qe2 e5 10. dxe5 Nxe5 11. Nxe5 dxe5 12. Rd1 Qe7 13. Nd5 Nxd5 14. cxd5 e4 15. h3 h5 16. Qc4 Re8 17. a4 h4 18. g4 b6 19. Bd2 Bxb2 20. Bb4 b5 21. axb5 axb5 22. Qb3 Qf6 23. Ra7 Be5 24. Qc2 Qg5 25. Kh1 f5 26. d6 cxd6 27. Qc7 Be6 28. Qh7+ Kf8 29. Bxd6+ 1-0

[Event "RUS-chT Women Rapid 2019"]
[Site "Sochi"]
[Date "2019.10.19"]
[Round "8.4"]
[White "Usacheva, Glafira"]
[Black "Kovanova, Baira"]
[Result "0-1"]
[ECO "E16"]
[WhiteElo "1847"]
[BlackElo "2344"]
[Annotator "NA"]
[PlyCount "96"]
[EventDate "2019.10.18"]
[EventType "swiss"]
[EventCountry "RUS"]
[SourceTitle "playchess.com"]
[Source "ChessBase"]
[SourceQuality "1"]
[TimeControl "900+10"]

1. d4 Nf6 2. c4 e6 3. Nf3 Bb4+ 4. Bd2 Qe7 5. g3 Nc6 6. Bg2 d5 7. a3 Bxd2+ 8. Nbxd2 O-O 9. O-O Rd8 10. e3 Ne4 11. Nxe4 dxe4 12. Nd2 f5 13. b4 Qf6 14. Qb3 Bd7 15. Rfd1 Be8 16. c5 Bh5 17. Re1 Bf7 18. b5 Ne7 19. Nc4 Ng6 20. Qc3 Rd5 21. f4 Rxc5 22. Qb4 Rd5 23. Rac1 Qd8 24. Rc2 Be8 25. a4 c6 26. b6 a5 27. Qa3 Qe7 28. Qc1 c5 29. dxc5 Rxc5 30. Ne5 Rac8 31. Nxg6 hxg6 32. Rxc5 Qxc5 33. Qb2 Bxa4 34. Bf1 Bc6 35. Kf2 Bd5 36. Be2 a4 37. Ra1 Bb3 38. Qd2 Qc3 39. Qd7 Qc6 40. Qd4 Qd5 41. Qb4 Qc5 42. Qd2 Qxb6 43. Qd7 Qc6 44. Qd4 Qc5 45. Qd7 Qc6 46. Qd4 Qd5 47. Qb4 Rc2 48. Kf1 Bc4 0-1

[Event "RUS-chT Women Rapid 2019"]
[Site "Sochi"]
[Date "2019.10.19"]
[Round "8.5"]
[White "Voit, Daria"]
[Black "Borisova, Ekaterina"]
[Result "1-0"]
[ECO "D11"]
[WhiteElo "2336"]
[BlackElo "2118"]
[Annotator "NA"]
[PlyCount "91"]
[EventDate "2019.10.18"]
[EventType "swiss"]
[EventCountry "RUS"]
[SourceTitle "playchess.com"]
[Source "ChessBase"]
[SourceQuality "1"]
[TimeControl "900+10"]

1. d4 d5 2. c4 c6 3. Nf3 Nf6 4. e3 Bg4 5. h3 Bh5 6. g4 Bg6 7. Ne5 Nbd7 8. Nxg6 hxg6 9. Bg2 e6 10. Nd2 Be7 11. O-O g5 12. Re1 Qb6 13. Qb3 O-O 14. e4 dxe4 15. Nxe4 Nxe4 16. Rxe4 Bf6 17. Be3 Qa6 18. d5 exd5 19. cxd5 cxd5 20. Qxd5 Nb6 21. Qb3 Rac8 22. Rb4 Qe2 23. Bxb7 Rc7 24. Bg2 Rfc8 25. Rb1 Nd7 26. Rb7 Nf8 27. Bd5 Kh8 28. Rxc7 Rxc7 29. Bxf7 Qf3 30. Bd2 Qe2 31. Be3 Qf3 32. Rc1 Rb7 33. Qd5 Qxd5 34. Bxd5 Rxb2 35. Rc8 Be7 36. Bxa7 Kh7 37. Be4+ Kg8 38. Bd4 Rd2 39. Be3 Rd1+ 40. Kg2 Kf7 41. Bc2 Rd7 42. a4 Ne6 43. Bb3 Kf6 44. Rc6 Bd6 45. Bxe6 Kxe6 46. Bc5 1-0